Map: Cyber Forest LE

Players

Steny

  • Race: Terran Terran
  • League: Platinum
  • Spawn Location: 11:00

TiPtOP - Winner!

  • Race: Terran Terran
  • League: Silver
  • Spawn Location: 5:00

VOD

Have the link to the VOD?

Description

Time

  • Played on: Aug. 16, 2019, 10:47 p.m.
  • Length: 24:39
Show
View Real Time Build Order
Export as new Build Order

Steny Terran 

Build Orders:  

Get SALT Encoding   

  12  0:01  SCV  
  13  0:16  Supply Depot  
  13  0:17  SCV  
  14  0:32  SCV  
  15  0:39  Barracks  
  15  0:44  SCV  
  16  0:56  SCV  
  17  1:09  Refinery  
  17  1:19  Command Center  
  17  1:24  SCV  
  18  1:31  Marine  
  19  1:36  SCV  
  20  1:42  Bunker  
  20  1:49  Marine  
  20  1:54  Engineering Bay  
  21  1:57  SCV  
  22  2:09  Marine  
  23  2:20  Refinery  
  23  2:30  SCV, Marine  
  25  2:38  Supply Depot  
  25  2:42  SCV  
  25  2:43  Refinery, SCV  
  27  2:53  Terran Infantry Weapons Level 1  
  27  3:03  Orbital Command  
  27  3:16  SCV  
  27  3:18  Barracks Tech Lab  
  28  3:33  Factory  
  28  3:44  SCV x2, Supply Depot  
  30  3:52  Missile Turret  
  30  4:02  SCV  
  31  4:06  Refinery  
  31  4:08  SCV  
  31  4:20  Factory Reactor  
  31  4:21  SCV  
  32  4:33  Starport  
  32  4:34  Stimpack  
  32  4:37  SCV  
  35  4:45  Marauder  
  35  4:51  SCV  
  36  5:00  SCV  
  37  5:13  Marauder  
  39  5:17  Terran Infantry Armor Level 1  
  39  5:22  Armory  
  39  5:24  SCV  
  39  5:27  Factory Tech Lab  
  40  5:29  SCV  
  41  5:42  Marauder  
  43  5:45  Medivac  
  43  5:49  Medivac  
  47  5:59  Siege Tank  
  47  6:02  SCV  
  51  6:13  SCV  
  51  6:15  Marauder  
  54  6:35  Terran Vehicle Weapons Level 1  
  54  6:51  Orbital Command  
  54  6:53  SCV  
  54  7:16  Marine  
  54  7:17  SCV, Medivac  
  53  7:26  Liberator  
  53  7:29  SCV  
  54  7:39  Fusion Core  
  54  7:51  SCV, Marine  
  54  8:02  Supply Depot  
  54  8:03  Supply Depot x2  
  54  8:04  SCV x2, Supply Depot  
  52  8:07  Cyclone  
  52  8:08  Marine, Liberator  
  52  8:16  SCV x2, Combat Shield  
  54  8:26  Marine  
  58  8:28  SCV x2  
  60  8:39  Terran Infantry Weapons Level 2  
  60  8:40  SCV x2  
  62  8:43  Terran Vehicle And Ship Armor Level 1  
  62  8:44  Marine  
  65  8:48  Widow Mine  
  65  8:52  SCV  
  66  9:02  Marine  
  67  9:20  Marine  
  68  9:25  Command Center  
  68  9:37  Marine  
  68  9:38  Liberator x2  
  66  9:40  SCV x2  
  68  9:52  SCV  
  69  9:53  Siege Tank  
  69  9:55  Marine  
  69  9:56  Barracks x3  
  69  9:59  SCV  
  80  10:13  Marine  
  81  10:30  Siege Tank  
  81  10:31  Marauder  
  86  10:48  SCV  
  86  10:49  SCV  
  88  10:53  Barracks Reactor x2  
  88  10:59  Marauder  
  88  11:01  Viking x2  
  88  11:02  SCV x2  
  96  11:04  Barracks Reactor, Terran Vehicle Weapons Level 2  
  96  11:05  Terran Infantry Armor Level 2  
  96  11:14  SCV  
  96  11:15  SCV  
  96  11:16  Starport  
  98  11:19  Starport  
  98  11:20  Marine, Starport  
  99  11:31  Viking  
  90  11:36  Marine x3  
  90  11:37  Marine  
  90  11:38  Marine  
  92  11:43  Marine  
  88  11:54  SCV x2, Marine x2  
  89  12:02  Marine x2  
  89  12:03  Marine x3  
  89  12:04  Medivac  
  89  12:05  Medivac  
  98  12:09  Widow Mine  
  98  12:12  Marine  
  98  12:14  SCV  
  98  12:15  Planetary Fortress  
  102  12:21  Missile Turret, Marauder  
  104  12:26  SCV  
  104  12:28  SCV  
  106  12:30  Widow Mine, Marine  
  106  12:31  Marine  
  106  12:34  Medivac  
  106  12:35  Medivac  
  114  12:43  Missile Turret  
  114  12:49  Marine x3  
  117  13:04  Missile Turret  
  117  13:06  SCV x2  
  117  13:08  Marine x2  
  117  13:13  Marine  
  117  13:17  SCV  
  117  13:18  Marine  
  117  13:27  Supply Depot  
  117  13:29  Supply Depot  
  117  13:49  Siege Tank, SCV, Marine x7, Medivac x2  
  117  13:51  Refinery  
  117  13:53  Refinery  
  132  14:12  Command Center  
  132  14:17  Starport Tech Lab x3  
  132  14:19  Weapon Refit, Medivac x2  
  132  14:21  Terran Infantry Weapons Level 3  
  132  14:22  Terran Vehicle Weapons Level 3  
  136  14:25  SCV x2  
  136  15:14  Liberator  
  136  15:18  SCV x2  
  138  15:27  Marine x5  
  138  15:28  Marine x2  
  139  15:30  Siege Tank  
  139  15:31  Viking  
  116  15:44  Liberator  
  116  15:45  Marine  
  116  15:46  SCV x2  
  116  15:47  SCV  
  103  15:57  Liberator  
  103  15:58  SCV x2  
  103  16:00  Battlecruiser x3  
  103  16:02  SCV  
  103  16:03  Siege Tank, Marine x5  
  103  16:04  Marine x2  
  135  16:10  SCV  
  138  16:15  SCV  
  138  16:16  SCV  
  140  16:21  Marine  
  140  16:22  Marauder  
  143  16:32  Marine x5  
  148  16:44  Marine, Marauder, Medivac  
  151  16:49  Marine  
  152  16:57  Medivac  
  152  16:58  Terran Infantry Armor Level 3  
  154  17:04  Battlecruiser  
  154  17:05  Marauder  
  162  17:14  Medivac  
  156  17:26  Marauder  
  138  17:34  Marine x6  
  138  17:36  Battlecruiser  
  138  17:37  Battlecruiser  
  139  17:47  Marine  
  140  17:51  Marine  
  140  17:57  Marine x4  
  145  18:00  Refinery  
  145  18:12  Planetary Fortress  
  128  18:27  Refinery  
  108  18:30  Marine  
  108  18:31  Marine x5  
  108  18:32  Marine  
  108  18:33  Siege Tank  
  101  18:42  Starport  
  101  18:47  SCV  
  101  18:48  SCV x2, Marine x2  
  104  18:49  Marine  
  104  18:54  Barracks  
  107  18:55  Barracks, Starport  
  99  19:03  SCV  
  99  19:05  Siege Tank  
  73  19:41  SCV x2  
  72  19:46  Marine x3  
  72  19:47  Marine x2  
  72  19:49  Marine  
  72  19:50  Siege Tank, Marine  
  72  19:51  Starport Reactor  
  72  19:52  Starport Reactor  
  76  19:53  SCV  
  76  20:04  Marine  
  77  20:10  Marine  
  77  20:11  Marine  
  76  20:20  Command Center  
  77  20:24  Barracks  
  77  20:25  Barracks Tech Lab  
  77  20:26  Barracks Tech Lab  
  77  20:27  Barracks  
  70  20:37  Command Center  
  68  20:43  Command Center  
  68  20:45  Command Center  
  61  21:08  SCV  
  61  21:15  Supply Depot x2  
  61  21:16  Supply Depot x2  
  61  21:17  Supply Depot x2  
  61  21:18  Supply Depot x3  
  61  21:20  Supply Depot  
  61  21:27  SCV  
  61  21:31  Medivac x4  
  61  21:32  Marauder x2  
  72  21:51  SCV  
  72  21:53  Marauder x2  
  49  22:03  SCV  
  62  22:14  Marauder x2  
  64  22:16  SCV  
  52  22:28  SCV  
  40  22:36  Marauder  
  12  22:52  SCV  
  12  22:55  SCV  
  9  23:04  SCV  
  8  23:07  SCV  
  9  23:15  Command Center  
  9  23:16  SCV  
  11  23:25  SCV  
  2  24:29  Command Center  
Show
View Real Time Build Order
Export as new Build Order

TiPtOP Terran - Winner!

Build Orders: Mech 

Get SALT Encoding   

  12  0:01  SCV  
  13  0:13  SCV  
  14  0:19  Supply Depot  
  14  0:26  SCV  
  15  0:40  SCV  
  16  0:46  Barracks  
  16  0:52  SCV  
  17  1:00  Refinery  
  17  1:13  SCV  
  18  1:26  SCV  
  19  1:39  Command Center, Orbital Command  
  19  1:42  Marine  
  20  1:50  Supply Depot  
  20  2:13  SCV  
  21  2:29  Bunker  
  20  2:31  Marine  
  22  2:41  SCV  
  22  2:52  Barracks Tech Lab  
  22  2:53  Factory  
  22  2:56  SCV  
  22  2:58  Orbital Command  
  23  3:02  Supply Depot  
  23  3:12  Engineering Bay  
  23  3:18  SCV  
  24  3:27  Supply Depot  
  24  3:34  Factory  
  24  3:42  SCV  
  25  3:54  Missile Turret, SCV  
  26  3:56  Missile Turret  
  26  3:57  SCV  
  26  4:01  Siege Tank  
  30  4:06  SCV  
  30  4:09  SCV  
  32  4:18  SCV  
  32  4:21  SCV  
  34  4:31  Factory  
  34  4:32  Factory Reactor  
  34  4:41  Refinery  
  34  4:47  Refinery  
  34  4:50  SCV  
  35  4:56  SCV  
  36  5:02  SCV  
  37  5:08  SCV  
  38  5:15  Command Center  
  38  5:18  Factory Tech Lab  
  38  5:20  Siege Tank  
  41  5:41  Siege Tank  
  44  5:52  SCV  
  44  5:53  SCV  
  46  6:04  SCV  
  46  6:05  SCV  
  46  6:11  Armory  
  48  6:29  Missile Turret  
  48  6:34  SCV  
  48  6:39  Orbital Command  
  49  6:46  SCV  
  50  6:56  Factory  
  50  6:59  Factory  
  50  7:02  Thor  
  50  7:03  Hellbat x2  
  60  7:10  Terran Vehicle Weapons Level 1  
  60  7:15  SCV  
  61  7:16  SCV  
  61  7:20  Refinery  
  56  7:27  SCV  
  56  7:28  SCV  
  42  7:40  Thor  
  42  7:41  Hellbat x3  
  42  7:54  Hellbat  
  42  7:55  Hellbat  
  42  7:57  Orbital Command  
  46  8:02  Hellbat  
  48  8:23  Factory Tech Lab  
  48  8:26  Factory Reactor  
  48  8:30  Hellbat x2  
  52  8:39  SCV  
  53  8:44  Orbital Command  
  53  8:47  SCV  
  54  8:52  SCV  
  55  8:58  Thor  
  55  8:59  SCV, Hellbat x3  
  66  9:04  SCV  
  67  9:11  SCV  
  67  9:16  SCV  
  69  9:23  SCV  
  68  9:28  SCV  
  63  9:48  Hellbat x2  
  67  9:59  SCV x3  
  71  10:21  SCV  
  71  10:26  Thor  
  77  10:31  Refinery  
  77  10:35  Supply Depot  
  77  10:41  Supply Depot  
  77  10:48  Supply Depot  
  77  10:49  Supply Depot x2  
  77  10:50  Supply Depot  
  77  10:53  Missile Turret  
  77  10:57  Thor, Hellbat  
  77  11:03  Hellbat  
  87  11:05  Supply Depot  
  87  11:06  SCV  
  88  11:18  SCV x2  
  90  11:30  Missile Turret, SCV  
  90  11:31  SCV  
  80  11:43  SCV x2  
  66  12:03  SCV  
  66  12:04  SCV x2  
  69  12:10  Refinery  
  69  12:14  Thor x2  
  69  12:15  SCV, Hellbat x3  
  88  12:16  SCV x2  
  90  12:23  Terran Vehicle And Ship Armor Level 1  
  90  12:27  SCV  
  90  12:28  SCV  
  92  12:39  SCV  
  92  12:40  SCV  
  92  12:43  Supply Depot  
  94  12:45  Supply Depot  
  94  12:47  Supply Depot  
  94  12:49  Supply Depot  
  94  12:54  SCV  
  95  12:59  Thor x2  
  95  13:00  Hellbat x3  
  112  13:06  SCV  
  112  13:07  Command Center  
  112  13:10  Supply Depot  
  112  13:12  Command Center  
  111  13:18  SCV  
  112  13:21  Thor  
  112  13:22  Hellion, Hellbat  
  122  13:32  SCV x3  
  125  13:42  Thor x2  
  125  13:44  SCV  
  125  13:46  SCV x2  
  140  13:56  SCV  
  140  13:58  SCV x2  
  143  14:05  Supply Depot  
  143  14:06  Supply Depot  
  143  14:07  Supply Depot  
  143  14:09  Armory  
  143  14:11  Thor  
  143  14:12  Hellbat  
  143  14:13  Hellbat x3  
  157  14:20  Orbital Command  
  157  14:24  Thor, Orbital Command  
  157  14:25  SCV x2, Hellbat  
  157  14:28  Supply Depot  
  157  14:30  Supply Depot  
  167  14:31  Supply Depot  
  167  14:36  Missile Turret  
  167  14:42  Missile Turret  
  167  14:46  Thor  
  167  14:50  Supply Depot  
  173  14:54  Refinery, Thor  
  173  14:57  Orbital Command  
  179  15:02  Missile Turret, Refinery  
  179  15:04  Missile Turret  
  179  15:08  Thor  
  179  15:10  Hellbat x2  
  179  15:13  Terran Vehicle And Ship Armor Level 2  
  189  15:29  Thor  
  189  15:30  Orbital Command  
  155  15:53  SCV  
  154  16:05  SCV  
  155  16:12  SCV  
  155  16:17  SCV  
  151  16:18  Infernal Pre-Igniter  
  151  16:20  Smart Servos  
  151  16:24  SCV  
  152  16:29  Refinery  
  152  16:36  SCV  
  152  16:39  Thor x3, Hellbat x3  
  176  16:40  Hellbat  
  178  16:48  SCV  
  178  16:53  SCV  
  180  17:00  SCV, Hellbat  
  183  17:05  SCV  
  183  17:12  SCV  
  184  17:17  SCV  
  184  17:22  Thor x3  
  197  17:24  SCV  
  195  17:46  Hellbat x2  
  199  18:03  SCV  
  200  18:06  Refinery  
  178  18:22  Thor x3  
  178  18:23  Hellion, Hellbat  
  196  18:28  SCV  
  197  18:39  Command Center  
  197  18:40  SCV  
  198  18:44  Command Center  
  198  18:52  SCV  
  195  19:04  SCV  
  196  19:16  SCV  
  192  19:37  Factory Tech Lab  
  191  19:38  Thor  
  191  19:39  Hellbat x2  
  195  19:55  Missile Turret  
  195  19:59  Refinery  
  196  20:07  SCV  
  196  20:08  SCV  
  196  20:14  Missile Turret  
  197  20:19  SCV  
  197  20:20  SCV  
  199  20:22  Hellion  
  199  20:27  Hellion  
  199  20:31  SCV  
  200  21:18  Hellbat  
  198  21:50  Terran Vehicle Weapons Level 2  
  198  21:51  Terran Vehicle And Ship Armor Level 3  
  198  22:17  SCV  
  199  22:23  SCV  
Tags
 
Composition
Mech
Matchup
TvT
Race
Terran
Spawn Locations
Cross Positions
Add a new tag
Caveats
  • Supply blocks, unpowered buildings, or Contaminate may cause inaccurate times.
  • Supply counts are checked every 10 seconds.